 Dungeon Crawl Stone Soup version 0.29.1-15-g9cfb28693d (webtiles) character file.

Game seed: 7492714774002153281

834 GigaChad the Chopper (level 7, -5/61 HPs)
             Began as a Minotaur Fighter on Mar 11, 2023.
             Was an Initiate of Trog.
             Slain by an ogre
             ... wielding a +0 giant club
              (16 damage)
             ... on level 6 of the Dungeon.
             The game lasted 00:06:06 (5496 turns).

GigaChad the Chopper (Minotaur Fighter)             Turns: 5496, Time: 00:06:07

Health: -5/61      AC: 10    Str: 23    XL:     7   Next: 66%
Magic:  6/6        EV:  8    Int:  5    God:    Trog [......]
Gold:   198        SH:  4    Dex:  9    Spells: 6/6 levels left

rFire   . . .      SeeInvis .   a - +1 war axe
rCold   . . .      Faith    .   c - +0 buckler
rNeg    . . .      Spirit   .   E - +0 chain mail
rPois   .          Reflect  .   (helmet restricted)
rElec   .          Harm     .   (no cloak)
rCorr   .          Rampage  .   (no gloves)
Will    .....                   (no boots)
Stlth   ..........              (no amulet)
HPRegen 0.20/turn               (no ring)
MPRegen 0.10/turn               (no ring)

@: no status effects
A: horns 2, retaliatory headbutt
a: Renounce Religion


You were on level 6 of the Dungeon.
You worshipped Trog.
Trog was noncommittal.
You visited 2 branches of the dungeon, and saw 7 of its levels.

You collected 231 gold pieces.
You spent 33 gold pieces at shops.

Inventory:

Hand Weapons
 a - a +1 war axe (weapon)
Armour
 b - a +0 scale mail
 c - a +0 buckler (worn)
 E - a +0 chain mail (worn)
Jewellery
 h - a ring of positive energy
Wands
 w - a wand of polymorph (10)
 y - a wand of mindburst (12)
 A - a wand of paralysis (5)
 D - a wand of iceblast (15)
Scrolls
 e - 3 scrolls of teleportation
 p - 3 scrolls of noise
 t - 2 scrolls of blinking
Potions
 d - 2 potions of might
 f - 2 potions of flight {unknown}
 g - a potion of brilliance {unknown}
 k - 6 potions of curing
 m - 2 potions of mutation {unknown}
 n - 2 potions of berserk rage {unknown}
 q - a potion of degeneration {unknown}
 r - 3 potions of heal wounds {unknown}
 s - a potion of haste
 u - a potion of attraction {unknown}
 v - a potion of lignification {unknown}
 x - a potion of invisibility {unknown}


   Skills:
 + Level 5.5 Fighting
 + Level 7.3 Axes
 + Level 5.9 Armour
 + Level 2.1 Dodging
 + Level 0.8 Stealth
 + Level 4.7 Shields


You had 6 spell levels left.
You didn't know any spells.
Your spell library contained the following spells:

 Spells                   Type           Power      Damage    Failure   Level
 Frozen Ramparts          Ice            0%         1d1       100%        3
 Ice Form                 Ice/Tmut       0%         N/A       100%        4
 Summon Ice Beast         Ice/Summ       0%         N/A       100%        4


Dungeon Overview and Level Annotations

Branches:
Dungeon (6/15)             Temple (1/1) D:5

Altars:
Dithmenos
Elyvilon
Fedhas
Nemelex Xobeh
Okawaru
Qazlal
Trog
Uskayaw
Wu Jian

Shops:
D:2 !

Annotations:
D:3 2 transporters
D:4 3 runed translucent doors, AverageBear's ghost, amateur DsFi; Renzlar's ghost, amateur GnFi; hndcvy's ghost, novice MiFi


Innate Abilities, Weirdness & Mutations

You have a pair of horns on your head.
You reflexively headbutt those who attack you in melee.


Message History

The orc priest hits you but does no damage.
Things that are here:
a +0 short sword; a +0 plate armour You slash the orc priest!
The orc priest is heavily wounded.
The orc priest hits you but does no damage.
You barely miss the orc priest.
The orc priest is heavily wounded.
The orc priest hits you but does no damage.
You hit the orc priest.
The orc priest is severely wounded.
You hit the ogre. You block the ogre's attack.
The orc priest hits you but does no damage.
The orc priest barely misses you. You furiously retaliate!
You headbutt the orc priest!
You kill the orc priest!
Trog accepts your kill. The ogre hits you with a +0 giant club!
* * * LOW HITPOINT WARNING * * *
There is a stone staircase leading up, spattered with blood here.
Things that are here:
a +0 hand axe; a +0 scale mail; an orc corpse The ogre barely misses you.
Things that are here:
a +0 club; an orc corpse The ogre barely misses you.
A phantom comes into view.
The ogre hits you with a +0 giant club!
* * * LOW HITPOINT WARNING * * *
Things that are here:
a +0 club; an orc corpse You hit the ogre.
The ogre is moderately wounded.
You hit the ogre.
The ogre is heavily wounded.
You block the ogre's attack.
You barely miss the ogre.
The ogre is heavily wounded.
The ogre hits you with a +0 giant club!
You die...

... . #.# .# #.# #.#
###W##..# .......###
#......... ####..#...###.
#...@........!
#...O<#...###.
####.#..)...<....
............####.#
.....#...#..### .#
###..#......#.##.##
#..#....................
#.......................
##.........#...#.........


You could see an ogre and a phantom.

Vanquished Creatures
  An orc warrior (D:6)
  A black bear (D:5)
  A necrophage (D:6)
  A hound (D:5)
  2 jellies
  3 orc priests
  3 iguanas
  Natasha (thrice) (D:2)
  5 orc wizards
  4 adders
  An ufetubus (D:6)
  A worm (D:3)
  A dart slug (D:3)
  13 orcs
  3 ball pythons
  6 endoplasms
  2 giant cockroaches
  12 goblins
  5 hobgoblins
  6 jackals
  4 quokkas
  6 bats
  3 frilled lizards
  8 kobolds
  5 rats
100 creatures vanquished.

Vanquished Creatures (others)
  6 plants (D:3)
6 creatures vanquished.

Grand Total: 106 creatures vanquished

Notes
Turn   | Place    | Note
-------+----------+-------------------------------------------
     0 | D:1      | GigaChad the Minotaur Fighter began the quest for the Orb.
     0 | D:1      | Reached XP level 1. HP: 19/19 MP: 0/0
   297 | D:1      | Reached XP level 2. HP: 14/27 MP: 1/1
   962 | D:1      | Reached XP level 3. HP: 34/34 MP: 2/2
  1105 | D:1      | Found a faded altar of an unknown god.
  1337 | D:2      | Noticed Natasha
  1344 | D:2      | Killed Natasha
  1345 | D:2      | Reached skill level 3 in Axes
  1655 | D:2      | Noticed Natasha
  1663 | D:2      | Killed Natasha
  1664 | D:2      | Reached XP level 4. HP: 33/41 MP: 3/3
  1817 | D:2      | Found Qeuvaan's Distillery.
  1820 | D:2      | Bought a potion of curing for 33 gold pieces
  1864 | D:2      | Noticed Natasha
  1873 | D:2      | Killed Natasha
  2052 | D:3      | Found a transporter.
  2069 | D:3      | Noticed an earth elemental
  2076 | D:3      | Found a stormy altar of Qazlal.
  2078 | D:3      | Noticed a water elemental
  2078 | D:3      | Noticed a fire elemental
  2078 | D:3      | Noticed an air elemental
  2084 | D:3      | Found an ornate altar of the Wu Jian Council.
  2090 | D:3      | Reached skill level 4 in Axes
  2093 | D:3      | Reached XP level 5. HP: 45/47 MP: 4/4
  2254 | D:3      | Found a transporter.
  2858 | D:4      | Reached skill level 5 in Axes
  3436 | D:4      | Reached XP level 6. HP: 36/53 MP: 5/5
  3437 | D:4      | Reached skill level 1 in Dodging
  3823 | D:4      | Reached skill level 5 in Armour
  3928 | D:4      | Found a runed translucent gate.
  3929 | D:4      | Found a runed translucent gate.
  3929 | D:4      | Found a runed translucent gate.
  3930 | D:4      | Noticed hndcvy's ghost (novice MiFi)
  3930 | D:4      | Noticed AverageBear's ghost (amateur DsFi)
  3935 | D:4      | Noticed Renzlar's ghost (amateur GnFi)
  4376 | D:5      | Entered Level 5 of the Dungeon
  4569 | D:5      | Reached skill level 5 in Fighting
  4569 | D:5      | Reached skill level 6 in Axes
  4690 | D:5      | Found a staircase to the Ecumenical Temple.
  4698 | D:5      | Reached XP level 7. HP: 60/61 MP: 6/6
  4714 | Temple   | Entered the Ecumenical Temple
  4773 | Temple   | Became a worshipper of Trog the Wrathful
  4818 | D:5      | Found an iron altar of Okawaru.
  5472 | D:6      | Reached skill level 7 in Axes
  5496 | D:6      | Slain by an ogre

Illustrated notes

Levels and vault maps discovered:
D:1:      lightli_arrival_isolated_outpost, layout_loops_ring,
          shapermc_ecumenical_altar_petra
D:2:      layout_rooms, serial_shops, nicolae_shop_behind_doors,
          minmay_stone_trees_small, hangedman_decor_points, grunt_decor_clamped,
          uniq_natasha
D:3:      layout_basic, lemuel_crystal_altar, nicolae_qazlal_style_of_elements,
          gammafunk_ghost_gnarly_gnolls
D:4:      layout_basic, gammafunk_ghost_cemetery, kennysheep_boxes
D:5:      layout_loops_ring, nicolae_overflow_hidden_temple,
          minmay_temple_entry_tees
D:6:      layout_basic, vehumet_crystals
Temple:   nicolae_temple_ecumenical_triangle

Skill      XL: |  1  2  3  4  5  6  7 |
---------------+----------------------+-----
Fighting       | 4 5 |  5.5
Armour         | 4 5 |  5.9
Axes           | 3 4 5 6 7 |  7.3
Shields        | 4 |  4.7
Dodging        | 1 2 |  2.1
Stealth        | |  0.8

Action                   |  1- 3 |  4- 6 |  7- 9 || total
-------------------------+-------+-------+-------++-------
Melee: War axe           |    87 |    95 |    46 ||   228
       Headbutt          |     9 |    14 |     4 ||    27
  Use: Scroll            |       |       |     9 ||     9
Armor: Scale mail        |    38 |    62 |     3 ||   103
       Chain mail        |       |       |    15 ||    15
Dodge: Dodged            |    46 |    51 |    23 ||   120
Block: Buckler           |    23 |    17 |    12 ||    52
